 Dungeon Crawl Stone Soup version 0.28-a0-1032-ga8db75c868 (webtiles) character file.

Game seed: 8299871666806510554

0 DrunkBamboolord the Skirmisher (level 1, -2/18 HPs)
             Began as a Formicid Abyssal Knight on Dec 7, 2021.
             Was a Follower of Lugonu.
             Slain by a thrashing horror (13 damage)
             ... on level 1 of the Abyss.
             The game lasted 00:02:22 (268 turns).

DrunkBamboolord the Skirmisher (FoAK)                Turns: 268, Time: 00:02:22

Health: -2/18      AC:  3    Str: 17    XL:     1   Next: 0%
Magic:  2/2        EV: 11    Int:  9    God:    Lugonu [*.....]
Gold:   0          SH:  0    Dex: 11    Spells: 0/0 levels left

rFire   . . .      SeeInvis +   a - +1 falchion
rCold   . . .      Faith    .   (no shield)
rNeg    . . .      Spirit   .   b - +0 leather armour
rPois   .          Reflect  .   (helmet unavailable)
rElec   .          Harm     .   (no cloak)
rCorr   .          Rampage  .   (no gloves)
Will    .....                   (no boots)
Stlth   +.........              (no amulet)
HPRegen 0.06/turn               (no ring)
MPRegen 0.08/turn               (no ring)

@: no status effects
A: permanent stasis, dig shafts and tunnels, antennae 3, four strong arms
a: Dig, Shaft Self, Renounce Religion, Depart the Abyss


You were on level 1 of the Abyss.
You worshipped Lugonu.
Lugonu was aware of your devotion.
You visited 0 branches of the dungeon, and saw 0 of its levels.
You visited the Abyss 1 time.

Inventory:

Hand Weapons
 a - a +1 falchion (weapon)
Armour
 b - a +0 leather armour (worn)
Potions
 c - a potion of mutation {unknown}
 d - a potion of lignification {unknown}


   Skills:
 * Level 3.2 Fighting
 * Level 2.0 Long Blades
 * Level 2.1 Armour
 - Level 0.8 Dodging
 * Level 2.1 Invocations


You couldn't memorise any spells.
You didn't know any spells.
Your spell library was empty.

Dungeon Overview and Level Annotations

Branches:
Dungeon (0/15)

Altars:


Innate Abilities, Weirdness & Mutations

You cannot be hasted, slowed, berserked, paralysed or teleported.
You can dig through walls and to a lower floor.
You have a pair of large antennae on your head. (SInv)
Your four strong arms can wield two-handed weapons with a shield.


Message History

Found a corrupted altar of Lugonu.
Okay, then.
Found a corrupted altar of Lugonu.
There is a corrupted altar of Lugonu here.
You sense a monster nearby.
No target in view!
A lurking horror comes into view.
Found a fuming sapphire potion.
You see here a fuming sapphire potion.
c - a fuming sapphire potion Your body is wracked with pain!
You start resting.
You sense a monster nearby.
Okay, then.
Found a glowing silvery potion.
Found a dark potion.
d - a glowing silvery potion A large abomination comes into view.
A chaos spawn comes into view.
Okay, then.
Found 17 gold pieces.
A small abomination comes into view.
Found a gateway leading out of the Abyss.
A thrashing horror comes into view.
The thrashing horror roars!
The thrashing horror tramples you.
You hold your ground!
The thrashing horror barely misses you. x2; The thrashing horror tramples you.
You hold your ground!
The thrashing horror roars!
The thrashing horror tramples you but does no damage.
The thrashing horror tramples you.
You hold your ground!
The thrashing horror roars!
The thrashing horror tramples you.
You hold your ground!
The thrashing horror tramples you but does no damage.
The thrashing horror misses you.
The thrashing horror closely misses you.
The thrashing horror roars!
The thrashing horror tramples you!
Ouch! That really hurt!
You die...

..#...## ### ......# #
..#.#. ..# #..#.##
...##..#..
#..##....###.... ....
#..#.......#.. .##.
#....#..## #x...##.
#.....#{### ##...
#.####X##{..####.#..#.
#...@## ##x. .#... #.
##.##.##..###.# ...##
# ..#...#..x....#
#.####x.#..#.. # .#
##.##.....# .#
#####...#. # ∩####


You could see a thrashing horror.

Vanquished Creatures (others)
  A lurking horror (Abyss:1)
1 creature vanquished.

Notes
Turn   | Place    | Note
-------+----------+-------------------------------------------
     0 | Abyss:1  | DrunkBamboolord the Formicid Abyssal Knight began the quest
                  | for the Orb.
     0 | Abyss:1  | Reached XP level 1. HP: 18/18 MP: 2/2
     2 | Abyss:1  | Found a corrupted altar of Lugonu.
    58 | Abyss:1  | Found a corrupted altar of Lugonu.
   232 | Abyss:1  | Noticed a large abomination
   235 | Abyss:1  | Noticed a chaos spawn
   249 | Abyss:1  | Noticed a small abomination
   264 | Abyss:1  | Noticed a thrashing horror
   268 | Abyss:1  | Slain by a thrashing horror

Illustrated notes

Levels and vault maps discovered:
Abyss:1:  base: Temple, base:
Temple

Action                   || total
-------------------------++-------
Armor: Leather armour    ||     2
Dodge: Dodged            ||     4

Table legend: (Time is in decaauts)
 A = Elapsed time spent in this place.
 B = Non-inter-level travel time spent in this place.
 C = Inter-level travel time spent in this place.
 D = Time resting spent in this place.
 E = Time spent auto-exploring this place.
 F = Levels seen in this place.
 G = Mean time per level.
                   A        B        C        D        E       F      G
               +--------+--------+--------+--------+--------+-----+--------+
         Total |    268 |    268 |      0 |    105 |     46 |   1 |  268.0 |
         Abyss |    268 |    268 |      0 |    105 |     46 |   1 |  268.0 |
               +--------+--------+--------+--------+--------+-----+--------+

Top non-repeatable levels by time:
 Abyss:1: 268 daAuts
